 Dungeon Crawl Stone Soup version 0.31-a0-1589-g8f5e8aebd6 (webtiles) character file.

Game seed: 6723509608360912101

93 Flugslaktarn the Apothecary (level 4, -9/27 HPs)
             Began as an Octopode Alchemist on Jan 6, 2024.
             Killed from afar by Ijyb (11 damage)
             ... with a puff of flame
             ... on level 3 of the Dungeon.
             The game lasted 00:01:27 (712 turns).

Flugslaktarn the Apothecary (Octopode Alchemist)     Turns: 712, Time: 00:01:28

Health: -9/27      AC:  1    Str:  7    XL:     4   Next: 61%
Magic:  5/8        EV: 13    Int: 19    God:
Gold:   22         SH:  0    Dex: 12    Spells: 7/8 levels left

rFire   . . .        g - +0 club (spect)
rCold   . . .        (no shield)
rNeg    . . .        (helmet restricted)
rPois   .            (no amulet)
rElec   .            (no ring)
rCorr   .            (no ring)
SInv    .            (no ring)
Will    .....        (no ring)
Stlth   +++          (no ring)
HPRegen 0.24/turn    (no ring)
MPRegen 0.11/turn    (no ring)
                     (no ring)

%: no passive effects
@: no status effects
A: almost no armour, amphibious, 8 rings, camouflage 1, gelatinous body 1,
(nimble swimmer 1), tentacles
a: no special abilities


You were on level 3 of the Dungeon.
You visited 1 branch of the dungeon, and saw 3 of its levels.

You collected 22 gold pieces.

Inventory:

Hand Weapons
 e - a +1 dagger of flaming
   (You took it off a goblin on level 2 of the Dungeon)
 g - a +0 spectral club (weapon)
   (You took it off Jessica on level 3 of the Dungeon)
Scrolls
 b - a scroll of teleportation {unknown}
 c - a scroll of noise {unknown}
 d - a scroll of fear {unknown}
 h - a scroll of enchant weapon {unknown}
 i - a scroll of identify {unknown}
Potions
 a - a potion of magic
 f - a potion of enlightenment {unknown}


   Skills:
 - Level 2.0 Dodging
 - Level 2.6 Stealth
 + Level 2.9 Spellcasting
 - Level 1.0 Conjurations
 * Level 5.0 Alchemy


You had 7 spell levels left.
You knew the following spells:

 Your Spells              Type           Power      Damage    Failure   Level
a - Sting                 Conj/Alch      56%        1d6       4%          1

Your spell library contained the following spells:

 Spells                   Type           Power      Damage    Failure   Level
 Mercury Vapours          Alch/Air       24%        N/A       9%          2
 Olgreb's Toxic Radiance  Alch           22%        N/A       19%         4
 Mephitic Cloud           Conj/Alch/Air  10%        N/A       21%         3
 Ensorcelled Hibernation  Hex/Ice        4%         N/A       24%         2
 Fugue of the Fallen      Necr           2%         N/A       43%         3
 Sticky Flame             Fire/Alch      12%        2d5       47%         4
 Anguish                  Hex/Necr       1%         N/A       83%         4


Dungeon Overview and Level Annotations

Branches:
Dungeon (3/15)

Altars:
Wu Jian
Zin

Annotations:
D:3 Ijyb


Innate Abilities, Weirdness & Mutations

You cannot wear most types of armour.
You are amphibious.
You can wear up to eight rings at the same time.
Your skin changes colour to match your surroundings (Stealth+).
Your rubbery body absorbs attacks. (AC +1, EV +1)
((You are camouflaged when in or above water. (Stealth+)))
You have tentacles for arms and can constrict up to eight enemies at once.


Message History

Confirm with . or Enter, or press ? or * to list all spells.
Aiming: Sting (safe; 4% risk of failure)
Press: ? - help, Shift-Dir - straight line, f/p - endoplasm
Aim: an endoplasm (severely wounded, 98% to hit)
The sting hits the endoplasm.
The endoplasm partially resists.
The endoplasm is poisoned.
You kill the endoplasm!
Your magical contamination has completely faded away.
Magic restored.
Unknown command.
Casting: Sting (safe; 4% risk of failure)
Confirm with . or Enter, or press ? or * to list all spells.
You can't see any susceptible monsters within range! (Use Z to cast anyway.)
Casting: Sting (safe; 4% risk of failure)
Confirm with . or Enter, or press ? or * to list all spells.
You can't see any susceptible monsters within range! (Use Z to cast anyway.)
Casting: Sting (safe; 4% risk of failure)
Confirm with . or Enter, or press ? or * to list all spells.
You can't see any susceptible monsters within range! (Use Z to cast anyway.)
Casting: Sting (safe; 4% risk of failure)
Confirm with . or Enter, or press ? or * to list all spells.
You can't see any susceptible monsters within range! (Use Z to cast anyway.)
Casting: Sting (safe; 4% risk of failure)
Confirm with . or Enter, or press ? or * to list all spells.
Aiming: Sting (safe; 4% risk of failure)
Press: ? - help, Shift-Dir - straight line, f - giant cockroach
Aim: a giant cockroach (wandering, hasn't noticed you, 71% to hit)
The sting hits the giant cockroach but does no damage.
The giant cockroach is poisoned.
You hit the giant cockroach. Your grab misses the giant cockroach.
You squeeze the giant cockroach.
You kill the giant cockroach!
Casting: Sting (safe; 4% risk of failure)
Confirm with . or Enter, or press ? or * to list all spells.
You can't see any susceptible monsters within range! (Use Z to cast anyway.)
Casting: Sting (safe; 4% risk of failure)
Confirm with . or Enter, or press ? or * to list all spells.
You can't see any susceptible monsters within range! (Use Z to cast anyway.)
There is a stone staircase leading down here.
You climb downwards.
Level annotation: Ijyb Ijyb shouts!
There is a stone staircase leading up here.
Ijyb is nearby!
Unknown command.
Press: ? - help, v - describe, . - travel
Here: Ijyb, wielding a +0 club, wearing a +0 leather armour and carrying a wand of flame The floor.
Unknown command.
Okay, then.
Found a leather armour.
Casting: Sting (safe; 4% risk of failure)
Confirm with . or Enter, or press ? or * to list all spells.
Aiming: Sting (safe; 4% risk of failure)
Press: ? - help, Shift-Dir - straight line, f - Ijyb
Aim: Ijyb, wielding a +0 club, wearing a +0 leather armour and carrying a wand of flame (64% to hit)
The sting hits Ijyb but does no damage.
Ijyb is poisoned.
Ijyb zaps a wand.
The puff of flame hits you!
Casting: Sting (safe; 4% risk of failure)
Confirm with . or Enter, or press ? or * to list all spells.
Aiming: Sting (safe; 4% risk of failure)
Press: ? - help, Shift-Dir - straight line, f/p - Ijyb
Aim: Ijyb, wielding a +0 club, wearing a +0 leather armour and carrying a wand of flame (poisoned, 64% to hit)
The sting hits Ijyb.
Ijyb looks even sicker.
Ijyb is lightly wounded.
Casting: Sting (safe; 4% risk of failure)
Confirm with . or Enter, or press ? or * to list all spells.
Aiming: Sting (safe; 4% risk of failure)
Press: ? - help, Shift-Dir - straight line, f/p - Ijyb
Aim: Ijyb, wielding a +0 club, wearing a +0 leather armour and carrying a wand of flame (lightly wounded, very poisoned, 64% to hit)
The sting misses Ijyb.
You closely miss Ijyb. Your grab misses Ijyb.
Ijyb is moderately wounded.
Your +0 spectral club hits Ijyb but does no damage.
Ijyb barely misses you.
You hit Ijyb but do no damage. You grab Ijyb. You squeeze Ijyb.
Ijyb is heavily wounded.
Your +0 spectral club hits Ijyb but does no damage.
You constrict Ijyb, but do no damage. Ijyb hits you with a +0 club.
You completely miss Ijyb.
Ijyb is heavily wounded.
Your +0 spectral club hits Ijyb but does no damage.
You constrict Ijyb. Ijyb hits you with a +0 club! Ijyb misses you.
You are too injured to fight recklessly!
You hit Ijyb.
Ijyb is severely wounded.
Your +0 spectral club hits Ijyb.
You constrict Ijyb, but do no damage.
Ijyb zaps a wand.
The puff of flame hits you!
* * * LOW HITPOINT WARNING * * *
Casting: Sting (safe; 4% risk of failure)
Confirm with . or Enter, or press ? or * to list all spells.
Aiming: Sting (safe; 4% risk of failure)
Press: ? - help, Shift-Dir - straight line, f/p - Ijyb
Aim: Ijyb, wielding a +0 club, wearing a +0 leather armour and carrying a wand of flame (severely wounded, constricted by you, poisoned, 98% to hit)
The sting hits Ijyb but does no damage.
Ijyb looks even sicker.
Ijyb is severely wounded.
Your +0 spectral club disappears.
You constrict Ijyb, but do no damage.
Ijyb zaps a wand.
The puff of flame hits you!
You die...

... . ....[## ..
....... ..
.....## #.
#.......
.##..###......#
........#...#
##....<....#
........@g..#
.....#..#.......
.##. ##.#..###.#
# #....# ###...
..## ..# ...


You could see Ijyb (very poisoned).

Vanquished Creatures
  An orc priest (D:3)
  Jessica (D:3)
  An adder (D:2)
  2 orcs (D:3)
  A bat (D:2)
  An endoplasm (D:2)
  3 giant cockroaches (D:2)
  6 goblins
  A kobold (D:1)
  A quokka (D:3)
  2 ball pythons
  9 frilled lizards (D:1)
29 creatures vanquished.

Notes
Turn   | Place    | Note
-------+----------+-------------------------------------------
     0 | D:1      | Flugslaktarn the Octopode Alchemist began the quest for the
                  | Orb.
     0 | D:1      | Reached XP level 1. HP: 11/11 MP: 3/3
    92 | D:2      | Found an ornate altar of the Wu Jian Council.
   136 | D:2      | Reached XP level 2. HP: 2/17 MP: 0/5
   186 | D:3      | Noticed Ijyb
   195 | D:2      | Reached skill level 4 in Alchemy
   286 | D:3      | Noticed Jessica
   299 | D:3      | Killed Jessica
   300 | D:3      | Reached XP level 3. HP: 21/21 MP: 2/6
   342 | D:3      | Reached XP level 4. HP: 23/27 MP: 5/8
   344 | D:3      | Found a glowing silver altar of Zin.
   344 | D:3      | Noticed an angel
   438 | D:1      | Reached skill level 5 in Alchemy
   711 | D:3      | HP: 1/27 [Ijyb/puff of flame (8)]
   712 | D:3      | Killed from afar by Ijyb

Illustrated notes

Levels and vault maps discovered:
D:1:      nzn_arrival_crosshair, layout_basic, dreamdust_princess_corridor,
          minmay_misc_feat_x, minmay_lizard_pond
D:2:      layout_basic, basic_altar, minmay_split_cup_small
D:3:      layout_basic, slow_altar_2, zin_angel, serial_rivers,
          chequers_serial_rivers_micro_b, chequers_serial_rivers_small_b,
          chequers_serial_rivers_marsh, chequers_serial_rivers_large_b,
          chequers_serial_rivers_micro_b, shapermc_ecumenical_altar_notcrosses,
          minmay_goblin_kobold_house, uniq_jessica, uniq_crazy_yiuf_cottage,
          uniq_ijyb

Skill      XL: |  1  2  3  4 |
---------------+-------------+-----
Alchemy        | 4 5 |  5.0
Dodging        | |  2.0
Stealth        | |  2.6
Spellcasting   | |  2.9
Conjurations   | |  1.0

Action                     |  1- 3 |  4- 6 || total
---------------------------+-------+-------++-------
  Melee: Unarmed           |     7 |       ||     7
         Constrict         |     3 |     9 ||    12
         Dagger            |     5 |       ||     5
         Tentacles         |     1 |     3 ||     4
         Club              |     1 |    23 ||    24
   Cast: Sting             |    15 |    17 ||    32
   Stab: Sleeping          |       |     1 ||     1
 Armour: Skin              |     6 |    25 ||    31
  Dodge: Dodged            |     6 |    13 ||    19

Table legend: (Time is in decaauts)
 A = Elapsed time spent in this place.
 B = Non-inter-level travel time spent in this place.
 C = Inter-level travel time spent in this place.
 D = Time resting spent in this place.
 E = Time spent auto-exploring this place.
 F = Levels seen in this place.
 G = Mean time per level.
                   A        B        C        D        E       F      G
               +--------+--------+--------+--------+--------+-----+--------+
         Total |    718 |    605 |    113 |      0 |    326 |   3 |  239.3 |
       Dungeon |    718 |    605 |    113 |      0 |    326 |   3 |  239.3 |
               +--------+--------+--------+--------+--------+-----+--------+

Top non-repeatable levels by time:
     D:2: 320 daAuts
     D:1: 228 daAuts
     D:3: 169 daAuts
